Map: [ESL] Data-C

Players

Lambo

  • Race: Zerg Zerg
  • Spawn Location: 3:00

ShoWTimE - Winner!

  • Race: Protoss Protoss
  • Spawn Location: 9:00

Event: HomeStory Cup XXII

VOD

Have the link to the VOD?

Description

Time

  • Played on: Dec. 15, 2022, 8:54 a.m.
  • Length: 7:22

All games in this series

Show
View Real Time Build Order
Export as new Build Order

Lambo Zerg 

Build Orders: Hatch First 

Get SALT Encoding   

  12  0:00  Drone  
  13  0:12  Overlord  
  13  0:16  Drone  
  14  0:31  Drone x2  
  16  0:48  Hatchery  
  15  0:51  Drone  
  15  0:55  Drone  
  17  0:59  Drone  
  18  1:09  Extractor  
  17  1:14  Spawning Pool  
  17  1:17  Drone  
  17  1:20  Drone  
  18  1:28  Drone  
  19  1:38  Drone  
  20  1:49  Drone  
  21  2:02  Zergling x2, Queen x2  
  21  2:03  Overlord  
  26  2:09  Metabolic Boost  
  26  2:11  Drone  
  26  2:13  Drone  
  30  2:22  Drone x2  
  30  2:32  Drone  
  31  2:37  Hatchery  
  31  2:42  Drone  
  31  2:43  Drone  
  32  2:46  Overlord  
  32  2:52  Queen  
  32  2:55  Drone  
  32  2:57  Drone  
  36  3:03  Queen  
  38  3:07  Overlord  
  38  3:09  Drone  
  41  3:12  Drone x2  
  41  3:20  Overlord  
  41  3:21  Zergling x2  
  41  3:22  Drone  
  43  3:30  Drone x2  
  43  3:31  Queen  
  47  3:37  Drone  
  48  3:42  Drone x4  
  52  3:50  Spore Crawler  
  52  3:51  Queen, Drone  
  52  3:53  Zergling x2  
  55  3:59  Spore Crawler, Drone  
  55  4:00  Overlord  
  55  4:01  Drone  
  56  4:04  Drone x3  
  56  4:07  Evolution Chamber  
  58  4:14  Drone x4  
  58  4:24  Drone x5  
  58  4:29  Drone  
  64  4:37  Zerg Melee Weapons Level 1  
  64  4:39  Drone x2  
  64  4:41  Drone x3  
  68  4:49  Drone x3, Hatchery  
  68  4:50  Drone  
  68  4:52  Drone  
  70  4:54  Drone  
  70  4:57  Drone x2  
  70  4:58  Extractor  
  72  5:00  Drone x2  
  72  5:02  Lair  
  74  5:09  Baneling Nest, Queen  
  74  5:10  Extractor  
  74  5:11  Overlord  
  74  5:12  Extractor  
  73  5:14  Drone  
  74  5:23  Overlord  
  74  5:24  Overlord  
  74  5:25  Spore Crawler  
  73  5:29  Zergling x2, Queen  
  73  5:30  Drone x6  
  82  5:38  Overlord  
  82  5:39  Overlord  
  82  5:41  Overlord  
  82  5:42  Drone x4  
  86  5:47  Drone x4  
  89  5:54  Drone x4  
  89  5:56  Zergling x4  
  95  6:02  Zergling x2  
  96  6:06  Zergling x8, Spore Crawler  
  96  6:10  Hydralisk Den  
  98  6:12  Drone  
  98  6:13  Queen, Drone x4, Evolution Chamber  
  104  6:20  Queen x2  
  104  6:21  Drone x4  
  112  6:28  Infestation Pit  
  112  6:29  Drone x4  
  115  6:35  Zergling x14  
  115  6:37  Zergling x6  
  124  6:41  Zergling x6  
  124  6:44  Zergling x2  
  116  6:47  Zergling x2  
  116  6:51  Zergling x10  
  114  7:00  Baneling x2  
Show
View Real Time Build Order
Export as new Build Order

ShoWTimE Protoss - Winner!

Build Orders: 1 Gate Expand, Oracle Opening, Zealot Archon, Archon Drop 

Get SALT Encoding   

  12  0:00  Probe  
  13  0:12  Probe  
  14  0:17  Pylon  
  14  0:24  Probe (Chrono Boost)  
  15  0:36  Probe (Chrono Boost)  
  15  0:38  Gateway  
  16  0:44  Probe (Chrono Boost)  
  16  0:46  Assimilator  
  17  0:51  Probe  
  18  1:03  Probe  
  19  1:15  Probe  
  20  1:25  Nexus  
  20  1:27  Probe  
  21  1:37  Cybernetics Core  
  21  1:43  Assimilator  
  21  1:46  Probe  
  22  1:53  Pylon  
  22  1:58  Probe  
  23  2:11  Probe (Chrono Boost)  
  23  2:14  Adept  
  26  2:16  Stargate  
  26  2:21  Probe (Chrono Boost)  
  27  2:23  Warp Gate  
  27  2:26  Probe (Chrono Boost)  
  28  2:36  Probe (Chrono Boost)  
  29  2:43  Probe (Chrono Boost)  
  29  2:44  Stalker  
  32  2:46  Probe (Chrono Boost)  
  32  2:50  Probe (Chrono Boost)  
  32  2:51  Probe (Chrono Boost)  
  34  2:57  Oracle (Chrono Boost)  
  35  3:02  Probe  
  35  3:03  Probe  
  40  3:08  Pylon  
  40  3:14  Probe  
  40  3:15  Probe  
  40  3:16  Adept  
  44  3:26  Probe  
  45  3:27  Probe  
  45  3:28  Oracle (Chrono Boost)  
  49  3:38  Probe  
  49  3:39  Probe, Pylon  
  51  3:48  Nexus  
  51  3:51  Probe x2  
  53  3:55  Assimilator  
  53  3:57  Assimilator  
  53  4:03  Probe x2  
  53  4:06  Twilight Council  
  55  4:10  Forge  
  55  4:15  Probe x2  
  57  4:22  Protoss Ground Weapons Level 1 (Chrono Boost)  
  57  4:27  Probe, Pylon  
  57  4:28  Probe  
  59  4:34  Gateway  
  59  4:37  Charge (Chrono Boost)  
  59  4:39  Probe  
  59  4:40  Probe  
  61  4:51  Probe  
  61  4:52  Probe  
  63  4:54  Robotics Facility  
  63  5:00  Probe  
  63  5:01  Gateway x2  
  63  5:03  Probe  
  63  5:04  Templar Archives, Probe  
  66  5:09  Gateway  
  66  5:13  Gateway  
  66  5:15  Probe  
  66  5:16  Probe  
  66  5:18  Probe  
  66  5:21  Pylon  
  69  5:24  Assimilator  
  69  5:26  Assimilator  
  69  5:27  Probe  
  70  5:29  Probe  
  70  5:30  Probe  
  72  5:37  Warp Prism (Chrono Boost)  
  72  5:39  Probe  
  72  5:41  Probe  
  76  5:43  Probe  
  77  5:50  High Templar x2  
  77  5:51  Probe  
  77  5:52  Pylon  
  77  5:53  Probe  
  77  5:55  Archon, High Templar x2  
  87  6:00  Pylon  
  87  6:01  Archon  
  87  6:04  Probe  
  87  6:06  Observer  
  87  6:08  Zealot x2  
  93  6:15  Pylon  
  93  6:16  Pylon  
  93  6:22  Photon Cannon  
  93  6:25  Zealot x2  
  97  6:29  Zealot x4  
  105  6:34  Probe x3  
  108  6:46  Probe x2  
  110  6:53  Zealot x6  
  120  6:54  Nexus  
  120  6:57  Probe, Pylon  
  120  6:58  Probe  
  120  6:59  Probe  
  114  7:09  Probe  
  112  7:16  Zealot x3  
  112  7:17  Zealot x2  
  112  7:18  Zealot  
Tags
 
Add a new tag
Caveats
  • Supply blocks, unpowered buildings, or Contaminate may cause inaccurate times.
  • Supply counts are checked every 10 seconds.